 Dungeon Crawl Stone Soup version 0.30-a0-847-g17996783a1 (webtiles) character file.

Game seed: 5235967032384520586

66754 freelancePsychic the Nimble (level 14, -15/87 HPs)
             Began as a Spriggan Venom Mage on Mar 4, 2023.
             Was a High Priest of Ashenzari.
             Killed from afar by Frances (43 damage)
             ... with an iron shot
             ... on level 12 of the Dungeon.
             The game lasted 01:15:50 (28804 turns).

freelancePsychic the Nimble (Spriggan Venom Mage)  Turns: 28804, Time: 01:15:50

Health: -15/87     AC: 11    Str:  4    XL:     14   Next: 80%
Magic:  30/32      EV: 38    Int: 16    God:    Ashenzari [*****.]
Gold:   1318       SH:  0    Dex: 27    Spells: 16/39 levels left

rFire   . . .      SeeInvis +    n - +6 short sword of Ashenzari's Planets {elec, *Noise rElec rCorr, Self, Bglg} (curse)
rCold   + + .      Faith    .    F - orb "Tethered Visionary" {mayhem, Alch, Comp} (curse)
rNeg    . . .      Spirit   .    A - +0 steam dragon scales of the Ensconced Seeker {Self, Elem} (curse)
rPois   +          Reflect  .    M - +2 hat of the Sidereal Sybil {rC+, Bglg, Evo} (curse)
rElec   +          Rampage  .    y - scarf "Stellar Malaise" {+Inv, Evo, Cun} (curse)
rCorr   +          Clarity  +    (gloves unavailable)
Will    +++..                    (boots unavailable)
Stlth   ++++++                   o - amulet of the Tethered Seer {Regen+, Melee, Bglg} (curse)
HPRegen 1.14/turn                I - ring of the Enemy {rPois Dex+6}
MPRegen 0.23/turn                a - ring "Chained Desperation" {rC+ Will+ AC+4, Alch, Self} (curse)

@: very quick
A: very small, no large weapons, unfitting armour, see invisible, speed 3
a: Renounce Religion, Evoke Invisibility, Shatter the Chains


You were on level 12 of the Dungeon.
You worshipped Ashenzari.
Ashenzari was extremely pleased with you.
You visited 5 branches of the dungeon, and saw 22 of its levels.
You also visited: Gauntlet and Volcano.

You collected 2687 gold pieces.
You spent 1369 gold pieces at shops.

Inventory:

Hand Weapons
 n - the cursed +6 short sword of Ashenzari's Planets (weapon) {elec, *Noise rElec rCorr, Self, Bglg}
   (You bought it in a shop on level 3 of the Dungeon)

   rElec:     It insulates you from electricity.
   *Noise:    It may make noises in combat.
   rCorr:     It protects you from acid and corrosion.
   It has a curse which improves the following skills: Introspection: Fighting
   and Spellcasting.
   Beguiling: Conjurations, Hexes and Translocations.
 X - a +4 rapier of electrocution
Missiles
 E - a throwing net
 J - 3 curare-tipped darts
Armour
 y - the cursed scarf "Stellar Malaise" (worn) {+Inv, Evo, Cun}
   (You found it on level 5 of the Dungeon)

   It has a curse which improves the following skills: Evocations: Evocations.
   Cunning:   Dodging and Stealth.
 A - the cursed +0 steam dragon scales of the Ensconced Seeker (worn) {Self, Elem}
   (You took it off Maggie on level 6 of the Dungeon)

   It has a curse which improves the following skills: Introspection: Fighting
   and Spellcasting.
   Elements:  Fire Magic, Ice Magic, Air Magic and Earth Magic.
 F - the cursed orb "Tethered Visionary" (worn) {mayhem, Alch, Comp}
   (You found it on level 10 of the Dungeon)

   It has a curse which improves the following skills: Alchemy: Poison Magic and
   Transmutations.
   Companions: Summonings and Necromancy.
 M - the cursed +2 hat of the Sidereal Sybil (worn) {rC+, Bglg, Evo}
   (You found it on level 2 of the Lair of Beasts)

   rC:        It protects you from cold.
   It has a curse which improves the following skills: Beguiling: Conjurations,
   Hexes and Translocations.
   Evocations: Evocations.
Jewellery
 a - the cursed ring "Chained Desperation" (right hand) {rC+ Will+ AC+4, Alch, Self}
   (You found it in a Gauntlet)

   [ring of protection]

   AC:        It affects your AC (+4).
   rC:        It protects you from cold.
   Will:      It increases your willpower.
   It has a curse which improves the following skills: Alchemy: Poison Magic and
   Transmutations.
   Introspection: Fighting and Spellcasting.
 o - the cursed amulet of the Tethered Seer (around neck) {Regen+, Melee, Bglg}
   (You found it on level 2 of the Dungeon)

   [amulet of regeneration]

   Regen:     It increases your rate of health regeneration.
   It has a curse which improves the following skills: Melee Combat: Short
   Blades, Long Blades, Axes, Maces & Flails, Polearms, Staves and Unarmed
   Combat.
   Beguiling: Conjurations, Hexes and Translocations.
 I - the ring of the Enemy (left hand) {rPois Dex+6}
   (You bought it in a shop on level 2 of the Orcish Mines)

   [ring of poison resistance]

   Dex:       It affects your dexterity (+6).
   rPois:     It protects you from poison.
 R - a ring of resist corrosion
 S - a +6 ring of dexterity
 T - a ring of fire
 U - a +6 ring of strength
 W - an amulet of magic regeneration
Wands
 s - a wand of flame (10)
 z - a wand of light (9)
 D - a wand of charming (31)
 G - a wand of polymorph (6)
 V - a wand of digging (11)
Scrolls
 c - 3 scrolls of poison
 d - 6 scrolls of blinking
 f - a scroll of immolation
 h - 2 scrolls of fog
 m - 10 scrolls of teleportation {@r4}
 q - 19 scrolls of identify {@r1}
 u - 3 scrolls of brand weapon
 x - 6 scrolls of fear
 B - 3 scrolls of silence
 H - 2 scrolls of amnesia
 N - a scroll of enchant armour
 Q - a scroll of magic mapping
Potions
 b - a potion of magic
 e - 3 potions of mutation
 g - 8 potions of heal wounds {@q2}
 i - 2 potions of ambrosia
 j - 4 potions of brilliance
 l - 7 potions of curing {@q1}
 r - 7 potions of haste {@q3}
 t - 2 potions of attraction
 v - a potion of lignification
 w - 4 potions of cancellation
 C - a potion of might
 K - a potion of flight
 O - a potion of resistance
Miscellaneous
 k - a tin of tremorstones (2/2)
 p - a lightning rod (4/4)
 P - a condenser vane
 Y - a box of beasts


   Skills:
 - Level 11.7(16.2) Fighting
 - Level 7.8(10.2) Short Blades
 + Level 14.9(17.1) Dodging
 - Level 10.0(12.2) Stealth
 + Level 8.9(13.4) Spellcasting
 - Level 2.3(5.6) Conjurations
 + Level 10.2(14.7) Hexes
 - Level 6.3(9.8) Transmutations
 - Level 2.0(3.7) Fire Magic
 - Level 1.5(3.1) Air Magic
 - Level 8.3(11.8) Poison Magic
 - Level 12.2(15.6) Evocations


You had 16 spell levels left.
You knew the following spells:

 Your Spells              Type           Power      Damage    Failure   Level
a - Yara's Violent Unrav  Hex/Tmut       25%        3d11      1%          5
b - Poisonous Vapours     Pois/Air       68%        N/A       1%          2
c - Ignite Poison         Fire/Tmut/Pois 37%        N/A       1%          3
d - Olgreb's Toxic Radia  Pois           48%        N/A       1%          4
e - Mephitic Cloud        Conj/Pois/Air  32%        N/A       1%          3
f - Sting                 Tmut/Pois      100%       1d8       1%          1
h - Irradiate             Conj/Tmut      17%        3d17      8%          5

Your spell library contained the following spells:

 Spells                   Type           Power      Damage    Failure   Level
 Foxfire                  Conj/Fire      100%       2x1d9     1%          1
 Ensorcelled Hibernation  Hex/Ice        68%        N/A       1%          2
 Passwall                 Tmut/Erth      21%        N/A       1%          2
 Static Discharge         Conj/Air       48%        2-4/arc   1%          2
 Inner Flame              Hex/Fire       40%        N/A       1%          3
 Tukima's Dance           Hex            55%        N/A       1%          3
 Cause Fear               Hex            27%        N/A       1%          4
 Fulminant Prism          Conj/Hex       21%        3d12      1%          4
 Silence                  Hex/Air        19%        N/A       4%          5
 Hailstorm                Conj/Ice       20%        3d6       5%          3
 Stone Arrow              Conj/Erth      40%        3d9       5%          3
 Swiftness                Air            20%        N/A       5%          3
 Freeze                   Ice            44%        1d6       6%          1
 Sandblast                Erth           22%        2d7       6%          1
 Kindle Blastsparks       Fire/Tloc/Air  36%        2d13      7%          3
 Blink                    Tloc           24%        N/A       8%          2
 Petrify                  Tmut/Erth      26%        N/A       8%          4
 Vhi's Electric Charge    Tloc/Air       32%        N/A       9%          3
 Sticky Flame             Conj/Fire      25%        2d5       10%         4
 Frozen Ramparts          Ice            22%        1d4       17%         3
 Ozocubu's Armour         Ice            11%        N/A       17%         3
 Iskenderun's Mystic Bla  Conj/Tloc      20%        2d6       17%         4
 Fireball                 Conj/Fire      12%        3d7       26%         5
 Arcjolt                  Conj/Air       12%        1d22      28%         5
 Lightning Bolt           Conj/Air       12%        1d25      28%         5
 Manifold Assault         Tloc           12%        N/A       45%         4
 Passage of Golubria      Tloc           12%        N/A       45%         4
 Summon Ice Beast         Ice/Summ       11%        N/A       50%         4
 Discord                  Hex            27%        N/A       69%         8
 Starburst                Conj/Fire      12%        6d5       82%         6
 Lee's Rapid Deconstruct  Erth           5%         3d6*      85%         5
 Storm Form               Tmut/Air       15%        N/A       98%         7
 Ozocubu's Refrigeration  Ice            5%         4d8       100%        7
 Ignition                 Fire           11%        3d5       100%        8
 Lehudib's Crystal Spear  Conj/Erth      10%        10d4      100%        8


Dungeon Overview and Level Annotations

Branches:
Dungeon (13/15)            Temple (1/1) D:4            Lair (5/5) D:10
 Shoals (0/4) Lair:3        Snake (1/4) Lair:2          Orc (2/2) D:11
    Elf (0/3) Orc:2       Volcano (visited)         Gauntlet (visited)
  Slime: Lair:4-5    Vaults: D:13-14

Altars:
Ashenzari
Cheibriados
Dithmenos
Elyvilon
Fedhas
Gozag
Hepliaklqana
Kikubaaqudgha
Makhleb
Nemelex Xobeh
Okawaru
Qazlal
Ru
Sif Muna
Trog
Uskayaw
Vehumet
Wu Jian
Xom
Yredelemnul
Zin
The Shining One
Jiyva

Shops:
D:3 :(   D:7 [   Orc:1 [   Orc:2 [*[?*

Portals:
Trove: D:13 (give +5 demon blade)

Annotations:
D:4 2 transporters, oldplebian's ghost, amateur GnCA
D:6 3 runed translucent doors, exclusion: phantom, Pokonic1's ghost, novice GrFi
D:7 3 runed translucent doors, zenocrate's ghost, novice OpTm
D:8 exclusion: door
D:12 Frances
Lair:5 3 runed translucent doors, exclusion: 4 oklob plants
Orc:1 4 transporters


Innate Abilities, Weirdness & Mutations

You are very small and have problems with some larger weapons.
You are too small for most types of armour.
You have supernaturally acute eyesight. (SInv)
You cover ground extremely quickly. (Speed+++)


Message History

No target in view!
No target in view!
No target in view!
No target in view!
No target in view!
No target in view!
No target in view!
No target in view!
No target in view!
No target in view!
No target in view!
No target in view!
q - 19 scrolls of identify {@r1} (gained 1)
You open the door.
There is an open door here.
There is an escape hatch in the ceiling here.
Frances is nearby!
Frances is nearby!
Frances is nearby!
You catch the helpless Frances completely off-guard!
You impale Frances!! Lightning courses through Frances!
Frances is moderately wounded.
Frances hits you with a +0 halberd!
Casting: Ignite Poison (safe; 1% risk of failure)
Confirm with . or Enter, or press ? or * to list all spells.
You begin to radiate toxic energy.
Frances is poisoned.
Frances chants phrases taken from a devil's mouth.
The iron shot hits you!!!
You are too injured to fight recklessly!
You are too injured to fight recklessly!
Frances chants phrases taken from a devil's mouth.
The shard of ice hits you!! You partially resist.
* * * LOW HITPOINT WARNING * * *
Frances looks even sicker.
Your toxic aura wanes.
There is an open door here.
Frances looks more healthy.
Frances mutters in a terrible tongue.
The iron shot hits you!!!
You die...

....'..##.# #.#####
....##.#..####.#...####
....##.#..............#
....##.#..####.#.#..#.##
............>#@#.#<....#
############.#'#.#.##..#
#J........##.....#.##..#
#J#######.##.....#.....#
J* #.##....@#####.# {
#.##.....# #.# J{#
##.##.....#####.# ###
#.....<.#.......#
############.#############
.........................#
..)...######............##
..)...+.................#
......####..#...........#


You could see Frances.

Vanquished Creatures
  A minotaur (Gauntlet)
  Erolcha (D:12)
  2 hydras
  A catoblepas (Lair:5)
  4 two-headed ogres
  2 boulder beetles
  3 death yaks (Lair:5)
  A deep troll shaman (Lair:5)
  3 orc high priests (Orc:2)
  Urug (D:12)
  Sonja (D:10)
  Amaemon (Lair:2)
  2 orc knights (Orc:2)
  4 lindwurms
  2 deep elf pyromancers
  2 ugly things
  4 orc sorcerers (Orc:2)
  2 cyclopes
  15 elephants
  An orange demon (Lair:2)
  7 black mambas
  A gargoyle (D:12)
  4 cane toads
  Psyche (D:8)
  Maggie (D:6)
  2 unseen horrors (D:11)
  3 kobold demonologists
  A rime drake (Lair:1)
  10 komodo dragons
  3 polar bears
  A red devil (Volcano)
  7 trolls
  4 hornets
  A snapping turtle (Lair:3)
  5 slime creatures
  3 shadows
  4 wyverns
  2 wraiths
  4 steam dragons
  Eustachio (D:6)
  Grum (D:10)
  4 basilisks
  42 yaks
  7 vampire mosquitoes
  Menkaure (D:6)
  A warg (Orc:2)
  An acid dragon (D:9)
  2 hell hounds (Lair:4)
  22 water moccasins
  21 orc warriors
  6 black bears
  3 ice beasts
  6 ogres
  15 wolves
  A phantom (D:6)
  8 centaurs
  8 kobold brigands
  12 bullfrogs
  3 gnoll sergeants
  4 scorpions
  5 wights (D:6)
  6 killer bees (D:8)
  2 howler monkeys
  2 electric eels
  7 jellies
  19 orc priests
  5 gnoll boudas
  5 hounds
  A sleepcap (D:7)
  5 hell rats (Lair:3)
  4 iguanas
  22 orc wizards
  Natasha (thrice) (D:4)
  23 gnolls
  7 adders
  2 shadow imps (D:7)
  2 ufetubi
  2 worms
  8 dart slugs
  74 orcs
  7 bats
  13 endoplasms
  4 giant cockroaches
  7 goblins
  8 hobgoblins
  16 kobolds
  2 quokkas
  10 ball pythons
  3 frilled lizards
  10 rats
570 creatures vanquished.

Vanquished Creatures (collateral kills)
  Josephine (D:12)
  3 hydras
  An ogre mage (Orc:1)
  An orc knight (Orc:2)
  An orc sorcerer (Orc:2)
  An elephant (Lair:5)
  A black mamba (Lair:2)
  A cane toad (Lair:2)
  A hornet (Lair:2)
  3 wraiths (D:12)
  4 yaks
  2 water moccasins
  An orc warrior (Orc:2)
  2 black bears (Lair:2)
  A wolf (Lair:5)
  3 ogres (Orc:1)
  A kobold brigand (Orc:1)
  2 orc wizards
  6 orcs
36 creatures vanquished.

Vanquished Creatures (others)
  A death yak (Lair:5)
  3 orc knights
  An elephant (Lair:5)
  A cane toad (Lair:2)
  An orc warrior (Orc:2)
  An orc wizard (Orc:1)
  An orc (Orc:2)
  17 fungi
  85 plants
111 creatures vanquished.

Grand Total: 717 creatures vanquished

Notes
Turn   | Place    | Note
-------+----------+-------------------------------------------
     0 | D:1      | freelancePsychic the Spriggan Venom Mage began the quest
                  | for the Orb.
     0 | D:1      | Reached XP level 1. HP: 9/9 MP: 5/5
   206 | D:1      | Reached XP level 2. HP: 13/13 MP: 2/6
   392 | D:1      | Learned a level 2 spell: Poisonous Vapours
   680 | D:1      | Reached XP level 3. HP: 16/16 MP: 5/8
   895 | D:1      | Reached skill level 1 in Air Magic
  1319 | D:2      | Found a faded altar of an unknown god.
  1636 | D:2      | Reached XP level 4. HP: 21/21 MP: 2/9
  2876 | D:3      | Found Qudishro's Antique Weapon Shop.
  2898 | D:3      | Reached XP level 5. HP: 24/24 MP: 10/10
  2944 | D:3      | Learned a level 4 spell: Olgreb's Toxic Radiance
  3148 | D:3      | Found Vacoeg's Book Boutique.
  3590 | D:4      | Noticed Natasha
  3606 | D:4      | Killed Natasha
  3607 | D:4      | Reached skill level 5 in Stealth
  3706 | D:4      | Found a staircase to the Ecumenical Temple.
  3730 | D:4      | Reached skill level 5 in Poison Magic
  3761 | Temple   | Entered the Ecumenical Temple
  4023 | Temple   | Became a worshipper of Ashenzari the Shackled
  4074 | D:4      | Noticed Natasha
  4223 | D:4      | Reached skill level 1 in Fighting
  4342 | D:4      | Found a transporter.
  4355 | D:4      | Noticed oldplebian's ghost (amateur GnCA)
  4357 | D:4      | Found a transporter.
  4358 | D:4      | Noticed a phantom
  4366 | D:4      | You fall into a shaft and drop 1 floor!
  4366 | D:5      | Entered Level 5 of the Dungeon
  4418 | D:4      | Killed Natasha
  4419 | D:4      | Reached XP level 6. HP: 30/30 MP: 3/11
  5160 | D:4      | Found an ornate altar of the Wu Jian Council.
  5692 | D:4      | Noticed Natasha
  5715 | D:4      | Killed Natasha
  5902 | D:4      | Reached XP level 7. HP: 35/35 MP: 4/12
  6048 | D:5      | Found a shimmering altar of Xom.
  7272 | D:5      | Reached XP level 8. HP: 39/39 MP: 13/13
  7466 | D:6      | Found a runed translucent gate.
  7466 | D:6      | Found a runed translucent gate.
  7469 | D:6      | Found a runed translucent gate.
  7553 | D:6      | Noticed Menkaure
  7800 | D:6      | Noticed Maggie
  7846 | D:6      | Killed Maggie
  7847 | D:6      | Reached skill level 1 in Fire Magic
  8467 | D:7      | Reached * piety under Ashenzari
  8573 | D:7      | Found a runed translucent gate.
  8573 | D:7      | Found a runed translucent gate.
  8575 | D:7      | Found a runed translucent gate.
  8593 | D:7      | Found a radiant altar of Vehumet.
  8595 | D:7      | Found a sparkling altar of Nemelex Xobeh.
  8806 | D:7      | Reached XP level 9. HP: 45/45 MP: 14/14
  8849 | D:7      | Found Vadean's Antique Armour Boutique.
  9033 | D:7      | Found an opulent altar of Gozag.
  9080 | D:7      | Reached skill level 10 in Stealth
  9346 | D:7      | Reached skill level 1 in Short Blades
  9346 | D:7      | Reached skill level 3 in Dodging
  9404 | D:7      | Found a white marble altar of Elyvilon.
  9737 | D:7      | Noticed zenocrate's ghost (novice OpTm)
  9761 | D:7      | Reached ** piety under Ashenzari
  9926 | D:8      | Reached skill level 4 in Dodging
 10032 | D:8      | Reached skill level 5 in Fighting
 10101 | D:8      | Reached skill level 5 in Dodging
 10313 | D:8      | Reached skill level 6 in Dodging
 10375 | D:8      | Found a viscous altar of Jiyva.
 10380 | D:8      | Noticed Psyche
 10383 | D:8      | Reached XP level 10. HP: 53/53 MP: 15/15
 10401 | D:8      | Killed Psyche
 10663 | D:8      | Reached skill level 5 in Short Blades
 10815 | D:7      | Found a shimmering blue altar of Sif Muna.
 10864 | D:8      | Reached skill level 7 in Dodging
 11698 | D:8      | Reached skill level 8 in Dodging
 11780 | D:9      | Noticed a two-headed ogre
 11838 | D:8      | Killed a two-headed ogre
 11976 | D:9      | Noticed an elephant
 11979 | D:9      | Killed an elephant
 11994 | D:9      | Reached *** piety under Ashenzari
 12126 | D:3      | Bought an Everburning Encyclopedia for 360 gold pieces
 12130 | D:3      | Learned a level 3 spell: Ignite Poison
 12229 | D:6      | Noticed Pokonic1's ghost (novice GrFi)
 12329 | D:6      | Reached skill level 9 in Dodging
 12494 | D:6      | Learned a level 3 spell: Mephitic Cloud
 12505 | D:6      | Killed Menkaure
 12816 | D:6      | Reached XP level 11. HP: 60/60 MP: 18/18
 12825 | D:6      | Noticed Eustachio
 13097 | D:6      | Killed Eustachio
 13278 | D:6      | Reached skill level 1 in Conjurations
 13472 | D:6      | Noticed a deep elf pyromancer
 13482 | D:6      | Killed a deep elf pyromancer
 14198 | D:9      | Found a basalt altar of Yredelemnul.
 14207 | D:9      | Found a hide-covered altar of Uskayaw.
 14254 | D:9      | Reached skill level 10 in Dodging
 14393 | D:9      | Found an ancient bone altar of Kikubaaqudgha.
 14515 | D:9      | Found a glowing golden altar of the Shining One.
 14594 | D:9      | Found an iron altar of Okawaru.
 15293 | D:10     | Entered Level 10 of the Dungeon
 15444 | D:10     | Reached skill level 11 in Dodging
 15573 | D:10     | Noticed Sonja
 15575 | D:10     | Killed Sonja
 16103 | D:10     | Noticed Grum
 16112 | D:10     | Killed Grum
 16198 | D:10     | Found a staircase to the Lair.
 16859 | D:11     | Found a staircase to the Orcish Mines.
 17159 | D:11     | Reached skill level 5 in Evocations
 17349 | D:11     | Reached XP level 12. HP: 68/68 MP: 3/19
 17552 | D:11     | Reached skill level 12 in Dodging
 18334 | D:12     | Noticed a boulder beetle
 18340 | D:12     | Killed a boulder beetle
 18421 | D:12     | Noticed Erolcha
 18428 | D:12     | Killed Erolcha
 18543 | D:12     | Noticed Frances
 18608 | D:13     | Found a portal to a secret trove of treasure.
 18763 | Lair:1   | Entered Level 1 of the Lair of Beasts
 19161 | Lair:1   | Reached **** piety under Ashenzari
 19744 | Lair:2   | Found a gate leading to a gauntlet.
 19750 | Gauntlet | Entered a Gauntlet
 19750 | Gauntlet | Found a transporter.
 19757 | Gauntlet | Noticed a hell hog
 19759 | Gauntlet | Found a transporter.
 19775 | Gauntlet | Found a transporter.
 19776 | Gauntlet | Found a transporter.
 19793 | Gauntlet | Found a transporter.
 19795 | Gauntlet | Noticed a quicksilver ooze
 19806 | Gauntlet | Found a transporter.
 19807 | Gauntlet | Identified the +1 cloak "Gapsauxt" {Contam +Inv Str+3
                  | Int+4}
 19819 | Gauntlet | Found a transporter.
 19821 | Gauntlet | Identified the +1 ring mail "Ehutugy" {Harm Str+2}
 19822 | Gauntlet | Noticed a green death
 19836 | Gauntlet | Found a transporter.
 19840 | Gauntlet | Found a transporter.
 19848 | Gauntlet | Found a transporter.
 19867 | Gauntlet | Identified the ring of Zezuot {rC+ Will+ AC+4}
 19878 | Gauntlet | Found a transporter.
 19878 | Gauntlet | Found a transporter.
 19879 | Gauntlet | Identified the +1 pair of boots "Bich" {Harm *Corrode rF+++
                  | Int-5}
 19978 | Gauntlet | Noticed a minotaur
 19981 | Gauntlet | Identified the Tractate on Inconstant Freezing
 19988 | Gauntlet | Killed a minotaur
 19989 | Gauntlet | Reached skill level 1 in Hexes
 20130 | Lair:2   | Noticed Amaemon
 20137 | Lair:2   | Killed Amaemon
 20138 | Lair:2   | Noticed a four-headed hydra
 20270 | Lair:2   | Reached skill level 10 in Evocations
 20286 | Lair:2   | Killed a four-headed hydra
 20287 | Lair:2   | Reached skill level 10 in Fighting
 20290 | Lair:2   | Noticed a four-headed hydra
 20294 | Lair:2   | Killed a four-headed hydra
 20367 | Lair:2   | Noticed a four-headed hydra
 20392 | Lair:2   | Killed a four-headed hydra
 20604 | Lair:2   | Reached XP level 13. HP: 75/75 MP: 21/21
 20740 | Lair:2   | Found a staircase to the Snake Pit.
 20783 | Snake:1  | Entered Level 1 of the Snake Pit
 21007 | Lair:2   | Reached ***** piety under Ashenzari
 21437 | Lair:2   | Identified the +2 hat of Sloth {rC+}
 22339 | Lair:3   | Found a staircase to the Shoals.
 22831 | Lair:4   | Found a dark tunnel.
 22834 | Lair:4   | Reached skill level 5 in Hexes
 22901 | Volcano  | Entered a volcano
 23020 | Lair:4   | Identified the +1 leather armour of Entitlement {rC+ rCorr
                  | SInv}
 23523 | D:10     | Learned a level 5 spell: Yara's Violent Unravelling
 23654 | Lair:4   | Reached ****** piety under Ashenzari
 24077 | Lair:5   | Entered Level 5 of the Lair of Beasts
 24088 | Lair:5   | Reached skill level 5 in Transmutations
 24379 | Lair:5   | Learned a level 5 spell: Irradiate
 24472 | Lair:5   | Found a runed translucent gate.
 24473 | Lair:5   | Found a runed translucent gate.
 24534 | Lair:5   | Found a runed translucent gate.
 24880 | Lair:5   | Reached XP level 14. HP: 74/86 MP: 16/27
 25143 | D:3      | Bought a smouldering short sword for 192 gold pieces
 25143 | D:3      | Identified the +6 short sword of the Mouth {elec, *Noise
                  | rElec rCorr} (You bought it in a shop on level 3 of the
                  | Dungeon)
 25413 | Lair:5   | Reached skill level 5 in Spellcasting
 25469 | Lair:5   | Reached skill level 13 in Dodging
 25634 | Lair:5   | Found a viscous altar of Jiyva.
 26471 | Orc:1    | Entered Level 1 of the Orcish Mines
 26649 | Orc:1    | Found Etuji's Armour Emporium.
 26877 | Orc:1    | Found an ornate altar of the Wu Jian Council.
 26877 | Orc:1    | Found a transporter.
 26914 | Orc:1    | Found a transporter.
 26921 | Orc:1    | Found a transporter.
 26941 | Orc:1    | Found a transporter.
 26942 | Orc:1    | Found an ornate altar of the Wu Jian Council.
 26942 | Orc:1    | Noticed an orc warlord
 27079 | Orc:2    | Entered Level 2 of the Orcish Mines
 27156 | Orc:2    | Reached skill level 14 in Dodging
 27510 | Orc:2    | Found a staircase to the Elven Halls.
 27512 | Orc:2    | Found Potul's General Store.
 27535 | Orc:2    | Bought a condenser vane for 600 gold pieces
 27696 | Orc:2    | Found Dafeveh's Armour Emporium.
 27845 | Orc:2    | Found Hikhlumpo's Magic Scroll Emporium.
 27852 | Orc:2    | Found Ocviaz's Assorted Antiques.
 27852 | Orc:2    | Found Ciplut's Armour Shop.
 27963 | Orc:2    | Bought a slimy wooden ring for 135 gold pieces
 27963 | Orc:2    | Identified the ring of the Enemy {rPois Dex+6} (You bought
                  | it in a shop on level 2 of the Orcish Mines)
 27966 | Orc:2    | Bought a scroll of blinking for 82 gold pieces
 28333 | D:12     | Noticed Urug
 28474 | D:12     | Reached skill level 10 in Hexes
 28499 | D:12     | Killed Josephine
 28532 | D:12     | Killed Urug
 28637 | D:12     | Found a snail-covered altar of Cheibriados.
 28804 | D:12     | Killed from afar by Frances

Illustrated notes

Levels and vault maps discovered:
D:1:      scummos_arrival_star, layout_rooms
D:2:      layout_basic, ebering_ecumenical_altar_hall, st_stairs_1
D:3:      layout_basic, serial_shops, nicolae_shop_trees, shop
D:4:      layout_basic, nzn_wu_jian_council_hall,
          minmay_temple_entry_glassed_door, gammafunk_ghost_mausoleum,
          uniq_natasha
D:5:      layout_rooms, mainiacjoe_overflow_small_starburst
D:6:      minmay_klotski, layout_rooms, gammafunk_ghost_necromancy,
          uniq_eustachio, uniq_menkaure, uniq_maggie
D:7:      layout_loops_corners, pf_just_have_faith,
          nicolae_overflow_hidden_temple, ebering_ghost_rock_garden,
          serial_shops, shop, uniq_crazy_yiuf_cottage
D:8:      kennysheep_six_static_rooms, layout_basic,
          kennysheep_cross_bottleneck, chequers_serial_rivers_marsh,
          jiyva_altar_1, uniq_psyche
D:9:      wad_woods_tower, layout_long_grid, kennysheep_mini,
          mainiacjoe_overflow_catwalk, mainiacjoe_overflow_24_doors,
          mainiacjoe_overflow_swirl
D:10:     layout_gridville, lair_entry_dummy, dk_noncrumbling_3,
          minmay_misc_feat_secret_circle, uniq_grum, uniq_sonja
D:11:     minmay_distorted_concentric_squares, layout_basic, erik_orc_3
D:12:     layout_basic, cheibriados_altar_1, uniq_erolcha, uniq_urug,
          uniq_josephine, uniq_frances
D:13:     layout_basic, david_vaults_2, nicolae_trove_entry_isolated,
          led_xom_imps
Temple:   nicolae_temple_bog_church
Lair:1:   layout_loops_ring, columned_hall_lemuel, nicolae_lair_lindhole
Lair:2:   cheibrodos_lair_overgrown_chateau, layout_regular_city,
          minmay_snake_entry_six_corridors, gauntlet_entry_generic, uniq_amaemon
Lair:3:   layout_hall_layers, minmay_shoals_entry_hut
Lair:4:   layout_regular_city, enter_volcano_3, grunt_megastairs_1,
          serial_bayou_shore_a, infiniplex_staircase_pool
Lair:5:   grunt_lair_end_beastmaster, layout_regular_city,
          minmay_slime_entry_oklob_open, gammafunk_ghost_icy
Snake:1:  layout_rooms
Orc:1:    dreamdust_wu_jian_sword_trials, layout_caves, serial_shops, shop,
          special_room [special_room_kobold]
Orc:2:    st_orc_elflike, layout_diamond_mine, serial_shops, nicolae_shop_trees

Skill      XL: |  1  2  3  4  5  6  7  8  9 10 11 12 13 14 |
---------------+-------------------------------------------+-----
Spellcasting   | 3 4 8 |  8.9
Air Magic      | 1 |  1.5
Stealth        | 4 5 6 7 9 10 | 10.0
Poison Magic   | 4 5 6 7 8 |  8.3
Fighting       | 1 2 4 5 7 8 10 11 | 11.7
Transmutations | 4 6 |  6.3
Fire Magic     | 2 |  2.0
Short Blades   | 4 7 |  7.8
Dodging        | 6 9 11 12 14 | 14.9
Conjurations   | 2 |  2.3
Evocations     | 5 11 12 | 12.2
Hexes          | 1 7 10 | 10.2

Action                     |  1- 3 |  4- 6 |  7- 9 | 10-12 | 13-15 || total
---------------------------+-------+-------+-------+-------+-------++-------
  Melee: Mace              |    17 |       |       |       |       ||    17
         Dagger            |    17 |   152 |   187 |   436 |   293 ||  1085
         Punch             |       |       |     2 |     3 |     1 ||     6
         Rapier            |       |       |       |       |     9 ||     9
         Short sword       |       |       |       |       |   149 ||   149
   Cast: Sting             |    34 |     4 |       |     2 |       ||    40
         Poisonous Vapours |    33 |   107 |    79 |     3 |       ||   222
         Olgreb's Toxic Ra |       |     2 |    26 |    84 |    59 ||   171
         Ignite Poison     |       |       |       |    54 |    49 ||   103
         Mephitic Cloud    |       |       |       |    24 |     6 ||    30
         Yara's Violent Un |       |       |       |       |     9 ||     9
         Irradiate         |       |       |       |       |     2 ||     2
 Invoke: Curse Item        |       |       |     3 |     2 |     4 ||     9
         Shatter the Chain |       |       |       |       |     2 ||     2
Ability: Evoke Invisibilit |       |       |       |     1 |     4 ||     5
  Evoke: Wand              |       |       |    15 |    13 |    11 ||    39
         Tin of tremorston |       |       |       |     2 |       ||     2
         Box of beasts     |       |       |       |     1 |     1 ||     2
    Use: Scroll            |       |     8 |       |       |     2 ||    10
         Potion            |       |       |       |     2 |       ||     2
   Stab: Sleeping          |       |     8 |     7 |    24 |    19 ||    58
         Invisible         |       |       |       |     9 |    18 ||    27
         Distracted        |       |       |       |     3 |     7 ||    10
         Confused          |       |       |       |     5 |       ||     5
         Petrified         |       |       |       |       |     3 ||     3
         Petrifying        |       |       |       |       |     1 ||     1
 Armour: Robe              |    10 |    23 |    19 |       |       ||    52
         Steam dragon scal |       |       |    13 |    37 |    28 ||    78
  Dodge: Dodged            |    43 |   157 |   179 |   384 |   351 ||  1114

Table legend: (Time is in decaauts)
 A = Elapsed time spent in this place.
 B = Non-inter-level travel time spent in this place.
 C = Inter-level travel time spent in this place.
 D = Time resting spent in this place.
 E = Time spent auto-exploring this place.
 F = Levels seen in this place.
 G = Mean time per level.
                   A        B        C        D        E       F      G
               +--------+--------+--------+--------+--------+-----+--------+
         Total |  21885 |  20404 |   1481 |    725 |  15460 |  24 |  911.9 |
       Dungeon |  15186 |  14133 |   1053 |    422 |  10840 |  13 | 1168.2 |
        Temple |    200 |    196 |      4 |      0 |    163 |   1 |  200.0 |
          Lair |   5022 |   4622 |    400 |    230 |   3372 |   5 | 1004.4 |
     Snake Pit |      2 |      2 |      0 |      0 |      0 |   1 |    2.0 |
  Orcish Mines |   1278 |   1256 |     22 |     73 |    982 |   2 |  639.0 |
       Volcano |     24 |     24 |      0 |      0 |      0 |   1 |   24.0 |
      Gauntlet |    169 |    169 |      0 |      0 |    101 |   1 |  169.0 |
               +--------+--------+--------+--------+--------+-----+--------+

Top non-repeatable levels by time:
     D:4: 2149 daAuts
     D:7: 1657 daAuts
     D:8: 1645 daAuts
     D:6: 1596 daAuts
     D:2: 1291 daAuts
  Lair:2: 1273 daAuts
    D:11: 1261 daAuts
  Lair:5: 1199 daAuts
     D:9: 1135 daAuts
     D:5: 1076 daAuts
    D:10: 1045 daAuts
  Lair:4: 935 daAuts
     D:1: 863 daAuts
    D:12: 811 daAuts
  Lair:3: 807 daAuts
